[Event "Late-Titled-Tuesday-Blitz-October-24-2023"]
[Site "Chess.com"]
[Date "2023.10.24"]
[Round "2"]
[White "GMKrikor"]
[Black "maximnovik"]
[Result "1-0"]
[WhiteElo "2824"]
[BlackElo "2483"]
[TimeControl "180+1"]
[EndTime "14:22:10 PDT"]
[Termination "GMKrikor won on time"]

1. Nf3 Nf6 2. c4 g6 3. Nc3 d5 4.
cxd5 Nxd5 5. h4 Bg7 6. h5 O-O 7. Qb3 Nb6 8. d4 Nc6 9. hxg6 hxg6 10. Bh6 Nxd4 11. Nxd4 Qxd4 12. Rd1 Qc4 13. Qc2 Bxh6 14. Rxh6 Qf4 15. Rh1 Bf5 16. e4 Bg4 17. f3 Qg3+ 18.
Qf2 Qxf2+ 19. Kxf2 Be6 20. Rc1 c6 21. b3 Kg7 22. Ke3 Rh8 23. Rxh8 Rxh8 24. Bd3 Rd8 25. Ne2 f6 26. a4 a5 27. Rc3 Bf7 28. Bc2 e5 29. Rc5 Ra8 30. g3 Nd7 31. Rc3 Be6 32. Bd3 Kf7 33. Bc4 Bxc4 34. Rxc4 Ke6 35. f4 Rh8 36. Rc1 Rh2 37. Rc2 Ke7 38. Rc1 exf4+ 39.
Nxf4 Ne5 40. Rc5 b6 41. Rc3 Rb2 42. Ne2 Kd6 43. Nd4 Rg2 44. Ne2 Nd7 45. Rd3+ Ke7 46. Rc3 Nc5 47. Kf3 Rh2 48. Nd4 Kd7 49. Ne2 Kd6 50. Re3 Ke5 51. Rc3 g5 52. Ke3 g4 53. Nd4 Kd6 54. Nf5+ Ke5 55. Nd4 Kd6 56. Nf5+ Kc7 57. Kf4 Rb2 58. Nd4 Rd2 59. Nf5 Rf2+ 60. Kxg4 Nxe4 61. Re3 Ng5 62. Re7+ Kb8 63. Nd6 Rd2 64.
Nc4 Rd3 65. Nxb6 Rxb3 66. Nd7+ Kc7 67. Rg7 Rb4+ 68. Kf5 Kd6 69. Nxf6 Nf3 70. Rd7+ Kc5 71. Ne4+ Kb6 72. Nd6 Rxa4 73. g4 Ra1 74. Kf4 Nd4 75.
Nc4+ Kc5 76. Ne5 Ne6+ 77. Kf5 Nd4+ 78. Ke4 Re1+ 79. Kf4 Ne6+ 80. Kf5 Nd4+ 81. Kf6 Rf1+ 82. Kg6 a4 83. g5 a3 84. Ra7 Kb4 85. Nd3+ Kb3 86. Nc5+ Kb2 87. Nd3+ Ka2 88. Kh7 Nb5 89.
Ra8 Kb3 90. g6 a2 91. g7 Rh1+ 92. Kg6 Rg1+ 93. Kf6 Kc3 94. Nc5 Kc4 95. Ne4 Nc7 96. Ra7 Nd5+ 97. Kf7 Rf1+ 98. Kg6 Rg1+ 99. Ng5 Nf4+ 100.
Kf5 Rxg5+ 101. Kxg5 Ne6+ 102. Kf6 Nxg7 103. Rxa2 Ne8+ 104. Ke5 Nc7 105. Rc2+ Kb5 106. Kd6 Na6 107. Rxc6 Nb4 108. Rc1 Nd3 109. Rc3 Nb4 110. Rc5+ Ka4 111. Rc8 Kb3 112. Ke5 Nd3+ 113. Kd4 Nb4 114. Rb8 1-0

[Event "Late-Titled-Tuesday-Blitz-October-24-2023"]
[Site "Chess.com"]
[Date "2023.10.24"]
[Round "3"]
[White "emiliochess"]
[Black "HamedWafa4"]
[Result "0-1"]
[WhiteElo "2315"]
[BlackElo "2597"]
[TimeControl "180+1"]
[EndTime "14:23:52 PDT"]
[Termination "HamedWafa4 won by resignation"]

1. e4 c5 2. f4 Nf6 3. d3 Nc6 4. Be3 e6 5. Nd2 d5 6. e5 d4 7. exf6 dxe3 8. Nc4 Qxf6 9. Nxe3 Qxf4 10. Qd2 g6 11.
Nf3 Bh6 12. Be2 Qxe3 0-1

[Event "Late-Titled-Tuesday-Blitz-October-24-2023"]
[Site "Chess.com"]
[Date "2023.10.24"]
[Round "3"]
[White "IgorBjelobrk"]
[Black "ShahxaibKhan"]
[Result "0-1"]
[WhiteElo "2595"]
[BlackElo "2436"]
[TimeControl "180+1"]
[EndTime "14:24:33 PDT"]
[Termination "ShahxaibKhan won by resignation"]

1. d4 Nf6 2. c4 e6 3. g3 d5 4. Nf3 Bb4+ 5. Bd2 Be7 6. Bg2 O-O 7. O-O dxc4 8. Qa4 a6 9. Qxc4 b5 10. Qc2 Bb7 11. Ba5 Nc6 12. Qd2 Nxa5 13. Qxa5 c5 14. dxc5 Qxa5 0-1

[Event "Late-Titled-Tuesday-Blitz-October-24-2023"]
[Site "Chess.com"]
[Date "2023.10.24"]
[Round "3"]
[White "giomar27"]
[Black "Karttunen"]
[Result "0-1"]
[WhiteElo "2373"]
[BlackElo "2588"]
[TimeControl "180+1"]
[EndTime "14:25:17 PDT"]
[Termination "Karttunen won by resignation"]

1. e4 c5 2. Nc3 d6 3. d4 cxd4 4. Qxd4 e5 5. Bb5+ Nc6 6. Qd3 a6 7. Bxc6+ bxc6 8. Nge2 f5 9. O-O Nf6 10. f4 d5 11. exd5 e4 12. Qc4 cxd5 13. Qc6+ Bd7 14. Qb7 Bc5+ 15. Kh1 Qb8 16. Qxb8+ Rxb8 17. Na4 Bxa4 0-1

[Event "Late-Titled-Tuesday-Blitz-October-24-2023"]
[Site "Chess.com"]
[Date "2023.10.24"]
[Round "3"]
[White "Apocalyps999"]
[Black "BrandonJacobson"]
[Result "1-0"]
[WhiteElo "2332"]
[BlackElo "3013"]
[TimeControl "180+1"]
[EndTime "14:25:23 PDT"]
[Termination "Apocalyps999 won by resignation"]

1. e4 e5 2. Nf3 Nc6 3. Bb5 a6 4. Ba4 d6 5. O-O Bd7 6. d4 b5 7.
Bb3 Nxd4 8. Nxd4 exd4 9. c3 Nf6 10. cxd4 Be7 11. e5 dxe5 12. dxe5 Ng4 13. Bf4 Bf5 14. Nc3 O-O 15. Qf3 Qd3 16. Qxd3 Bxd3 17. Rfd1 Bf5 18. h3 Nh6 19. Nd5 Bc5 20. Rac1 Bb6 21. Bxh6 gxh6 22.
Ne7+ 1-0

[Event "Late-Titled-Tuesday-Blitz-October-24-2023"]
[Site "Chess.com"]
[Date "2023.10.24"]
[Round "3"]
[White "Kleyton_Lima"]
[Black "Alexei_Gubajdullin"]
[Result "0-1"]
[WhiteElo "2499"]
[BlackElo "2711"]
[TimeControl "180+1"]
[EndTime "14:25:35 PDT"]
[Termination "Alexei_Gubajdullin won by resignation"]

1. d4 Nf6 2. c4 g6 3. Nc3 Bg7 4. e4 d6 5. Nf3 O-O 6. Bd3 Na6 7.
O-O e5 8. d5 Nc5 9. Bc2 a5 10.
a3 Nh5 11. Ne1 Nf4 12. Be3 f5 13. f3 Qg5 14. b4 Nh3+ 15. Kh1 Qxe3 16. gxh3 axb4 17.
axb4 Rxa1 18. Qxa1 fxe4 19. bxc5 Bxh3 20. Ng2 Qd2 0-1

[Event "Late-Titled-Tuesday-Blitz-October-24-2023"]
[Site "Chess.com"]
[Date "2023.10.24"]
[Round "3"]
[White "ural58"]
[Black "louis198"]
[Result "1-0"]
[WhiteElo "2507"]
[BlackElo "2646"]
[TimeControl "180+1"]
[EndTime "14:25:39 PDT"]
[Termination "ural58 won by resignation"]

1. e4 e6 2. d4 d5 3. Nc3 Bb4 4.
Ne2 dxe4 5. a3 Bxc3+ 6. Nxc3 Nc6 7. d5 exd5 8. Qxd5 Be6 9. Qxe4 Nf6 10. Qa4 Qd4 11.
Bb5 Qxa4 12. Nxa4 Bd5 13. O-O O-O 14. Bf4 a5 15. Bxc7 Nd4 16. Bd3 Rfc8 17. Be5 Nxc2 18. Rac1 Nd7 19. Bxc2 Nxe5 20. Nb6 Be6 21. Nxa8 Rxa8 22.
Be4 Rb8 23. h3 g6 24. Rfd1 Nc4 25. Bd5 Nxb2 26. Rd2 Bxd5 27. Rxd5 b6 28. Rd4 b5 29. Rb1 1-0

[Event "Late-Titled-Tuesday-Blitz-October-24-2023"]
[Site "Chess.com"]
[Date "2023.10.24"]
[Round "3"]
[White "hblanco"]
[Black "dropstoneDP"]
[Result "1/2-1/2"]
[WhiteElo "2746"]
[BlackElo "3094"]
[TimeControl "180+1"]
[EndTime "14:25:51 PDT"]
[Termination "Game drawn by repetition"]

1. e4 e5 2. Nf3 Nf6 3. Nc3 Nc6 4.
Bb5 Nd4 5. Ba4 c6 6. Nxd4 exd4 7. Ne2 Nxe4 8. Nxd4 Bc5 9. c3 O-O 10. O-O d5 11. d3 Nf6 12. Bg5 Bxd4 13. cxd4 Qd6 14.
Qd2 Bf5 15. Bf4 Qd7 16. Rae1 Rfe8 17. Bd1 Rxe1 18. Rxe1 Re8 19. Be5 Ng4 20. Bxg4 Bxg4 21. h3 Bf5 22. Re3 f6 23. Bg3 Rxe3 24. Qxe3 Kf7 25.
Bb8 a6 26. Kf1 g5 27. Ba7 h5 28. Bc5 h4 29. a3 Qe6 30. Qxe6+ Kxe6 31. Ke2 Bg6 32. Ke3 Bh7 33. a4 Bg6 34. a5 Bh7 35. Bb6 Bg6 36. Bd8 Bh7 37. b4 Bg6 38. Ke2 Bh7 39.
Ke3 Bg6 40. Ke2 Bh7 41. Ke3 1/2-1/2

[Event "Late-Titled-Tuesday-Blitz-October-24-2023"]
[Site "Chess.com"]
[Date "2023.10.24"]
[Round "3"]
[White "NateSolon"]
[Black "Chessdreamer2020"]
[Result "1-0"]
[WhiteElo "2673"]
[BlackElo "2492"]
[TimeControl "180+1"]
[EndTime "14:25:59 PDT"]
[Termination "NateSolon won by resignation"]

1. d4 Nf6 2. Bf4 e6 3. e3 Bd6 4. Bxd6 cxd6 5. c4 O-O 6. Nc3 b6 7. Nf3 Bb7 8. Bd3 Nc6 9. O-O Rc8 10. Rc1 Nb4 11. Be2 d5 12. a3 Na6 13. cxd5 Nxd5 14. Nxd5 exd5 15. Qa4 Nb8 16. Qxa7 Nc6 17. Qxb7 Rb8 18.
Qa6 Ra8 19. Qb5 Ra5 20. Qb3 Qf6 21. Bb5 Qd6 22. Bxc6 dxc6 23. Qxb6 Rb5 24. Qxc6 Qxc6 25. Rxc6 Rxb2 26. Ra1 Ra8 27. g3 Rb5 28. a4 Rba5 29. Rc5 Rxa4 30. Rxa4 1-0

[Event "Late-Titled-Tuesday-Blitz-October-24-2023"]
[Site "Chess.com"]
[Date "2023.10.24"]
[Round "3"]
[White "Fradi82"]
[Black "HeroRubiksCube"]
[Result "1-0"]
[WhiteElo "2345"]
[BlackElo "2544"]
[TimeControl "180+1"]
[EndTime "14:26:10 PDT"]
[Termination "Fradi82 won by resignation"]

1. e4 e6 2. d4 d5 3. e5 c5 4. Qg4 Nc6 5. Nf3 cxd4 6. Bd3 Qc7 7. Qg3 Nb4 8. Nxd4 Nxd3+ 9. Qxd3 Bd7 10. O-O Bc5 11.
Nc3 Bxd4 12. Qxd4 Ne7 13. Qg4 Nf5 14. Re1 O-O 15. Bf4 Rac8 16. Rad1 b5 17. a3 a5 18.
Nxd5 Qb7 19. Nf6+ 1-0

[Event "Late-Titled-Tuesday-Blitz-October-24-2023"]
[Site "Chess.com"]
[Date "2023.10.24"]
[Round "3"]
[White "PushingpawnsNYC"]
[Black "whitemirrorninja"]
[Result "0-1"]
[WhiteElo "2347"]
[BlackElo "2566"]
[TimeControl "180+1"]
[EndTime "14:26:11 PDT"]
[Termination "whitemirrorninja won by resignation"]

1. e4 c5 2. Nc3 a6 3. g3 b5 4. Bg2 Bb7 5. d3 e6 6. Nh3 Nc6 7. O-O Nge7 8. f4 g6 9. Nf2 d6 10. Be3 Bg7 11. Qd2 Nd4 12. Rab1 b4 13. Ne2 a5 14. Rfc1 O-O 15. c3 Nxe2+ 16. Qxe2 Rb8 17. Qd2 f5 18. e5 Bxg2 19. Kxg2 dxe5 20. Bxc5 Qd5+ 0-1

[Event "Late-Titled-Tuesday-Blitz-October-24-2023"]
[Site "Chess.com"]
[Date "2023.10.24"]
[Round "3"]
[White "lluiss"]
[Black "vangulio"]
[Result "0-1"]
[WhiteElo "2195"]
[BlackElo "2539"]
[TimeControl "180+1"]
[EndTime "14:26:17 PDT"]
[Termination "vangulio won by resignation"]

1. Nf3 Nf6 2. d4 g6 3. g3 Bg7 4. Bg2 c5 5. c4 cxd4 6. Nxd4 O-O 7. O-O Nc6 8. Nc3 Qa5 9. e3 d6 10. h3 Bd7 11. Bd2 Rfc8 12. b3 a6 13. a4 Qd8 14.
Qe2 Rab8 15. Rfc1 e5 16. Nc2 Be6 17. Na3 d5 18. cxd5 Nxd5 19. Nxd5 Bxd5 20. Bxd5 Qxd5 21. Nc4 b5 22. axb5 axb5 23. Na5 Nxa5 24. Rxc8+ Rxc8 25. Rxa5 Rc2 26. Ra8+ Qxa8 0-1

[Event "Late-Titled-Tuesday-Blitz-October-24-2023"]
[Site "Chess.com"]
[Date "2023.10.24"]
[Round "3"]
[White "Mykola-Bortnyk"]
[Black "oskariot"]
[Result "1-0"]
[WhiteElo "2963"]
[BlackElo "2662"]
[TimeControl "180+1"]
[EndTime "14:26:29 PDT"]
[Termination "Mykola-Bortnyk won by checkmate"]

1. e4 c5 2. c3 d6 3. d4 Nf6 4. Bd3 Nc6 5. Nf3 e5 6. dxc5 dxc5 7. O-O Be7 8. Bb5 O-O 9. Bxc6 bxc6 10. Qxd8 Bxd8 11.
Nxe5 Bc7 12. Nxc6 Re8 13. e5 Nd7 14. Rd1 Re6 15. Nd4 cxd4 16. cxd4 Nb6 17. Nc3 Bb7 18. d5 Rxe5 19. Bf4 Rd8 20. d6 Rf5 21. dxc7 Rxd1+ 22. Rxd1 Rxf4 23. Rd8# 1-0

[Event "Late-Titled-Tuesday-Blitz-October-24-2023"]
[Site "Chess.com"]
[Date "2023.10.24"]
[Round "3"]
[White "IMSlavin"]
[Black "jactorres"]
[Result "1-0"]
[WhiteElo "2235"]
[BlackElo "2515"]
[TimeControl "180+1"]
[EndTime "14:26:49 PDT"]
[Termination "IMSlavin won by resignation"]

1. e4 c6 2. d4 d5 3. e5 Bf5 4. Nf3 e6 5. Be2 Nd7 6. O-O Ne7 7. c3 c5 8. a3 Nc6 9. b4 cxd4 10. cxd4 Be7 11. Bb2 Rc8 12. Nbd2 O-O 13. Rc1 Qb6 14. Nb3 a5 15. Nc5 Rfd8 16. Nxd7 Rxd7 17. b5 Na7 18. a4 Rdc7 19. Qd2 Bb4 20. Qe3 Rc2 21.
Rxc2 Rxc2 22. Ba3 Rc3 23. Bxb4 Rxe3 24. Bc5 Qxc5 25. dxc5 Rxe2 26. Rc1 Rc2 27. Rxc2 Bxc2 28. Nd4 Bxa4 29. c6 bxc6 30. b6 1-0

[Event "Late-Titled-Tuesday-Blitz-October-24-2023"]
[Site "Chess.com"]
[Date "2023.10.24"]
[Round "3"]
[White "Championnn-9"]
[Black "BeanScreen"]
[Result "0-1"]
[WhiteElo "2500"]
[BlackElo "2715"]
[TimeControl "180+1"]
[EndTime "14:26:50 PDT"]
[Termination "BeanScreen won by checkmate"]

1. e4 e5 2. Nf3 Nc6 3. c3 Nf6 4. d4 Nxe4 5. dxe5 d5 6. exd6 Bxd6 7. Bd3 Nf6 8. Bg5 O-O 9. O-O Bg4 10. h3 Bxf3 11. Qxf3 Ne5 12. Bxh7+ Nxh7 13. Qxb7 Nxg5 14. f4 Nef3+ 15. gxf3 Nxh3+ 16. Kg2 Nxf4+ 17. Kg3 Qg5+ 18. Kf2 Qg2+ 19. Ke3 Qe2+ 20. Kd4 Qd3# 0-1

[Event "Late-Titled-Tuesday-Blitz-October-24-2023"]
[Site "Chess.com"]
[Date "2023.10.24"]
[Round "3"]
[White "Arash_Tahbaz"]
[Black "Balla_Tamas"]
[Result "1-0"]
[WhiteElo "2883"]
[BlackElo "2346"]
[TimeControl "180+1"]
[EndTime "14:26:53 PDT"]
[Termination "Arash_Tahbaz won by resignation"]

1. Nf3 c5 2. g3 Nc6 3. Bg2 g6 4. O-O Bg7 5. c3 e5 6. c4 d6 7. Nc3 Be6 8. d3 Nge7 9. Ne1 O-O 10. Nd5 Qd7 11. Nc2 Bh3 12. Rb1 Bxg2 13. Nxe7+ Qxe7 14. Kxg2 a5 15. Ne3 f6 16. a3 Qd7 17. Nd5 Rad8 18.
b4 axb4 19. axb4 cxb4 20. Nxb4 Nxb4 21. Rxb4 d5 22. Qb3 dxc4 23. Qxc4+ Kh8 24. Be3 f5 25. Rfb1 f4 26. Rxb7 Qf5 27. Bc5 f3+ 28. exf3 Qxf3+ 29. Kg1 Rc8 30. Bxf8 Rxc4 31. Bxg7+ Kg8 32. dxc4 e4 33.
Bd4 1-0

[Event "Late-Titled-Tuesday-Blitz-October-24-2023"]
[Site "Chess.com"]
[Date "2023.10.24"]
[Round "3"]
[White "dosto07"]
[Black "kleinebeer98"]
[Result "0-1"]
[WhiteElo "2517"]
[BlackElo "2866"]
[TimeControl "180+1"]
[EndTime "14:27:03 PDT"]
[Termination "kleinebeer98 won by checkmate"]

1. e4 e5 2. Nf3 Nc6 3. Bb5 f5 4.
d3 fxe4 5. dxe4 Nf6 6. O-O d6 7. Nc3 Be7 8. Bc4 Na5 9. Qd3 Nxc4 10. Qxc4 c6 11. Bg5 Qb6 12. b4 Bg4 13. Be3 Qc7 14. Ng5 O-O-O 15. Nf7 Rhf8 16. Nxd8 Rxd8 17. f3 Bh5 18. Rfd1 d5 19. exd5 cxd5 20. Qxc7+ Kxc7 21. Nb5+ Kd7 22. Bxa7 Kc6 23. a4 Bxb4 24. Rab1 Ba5 25. Bf2 Bg6 26. Re1 Re8 27. Re2 d4 28. Bg3 Kd5 29. Be1 Bd8 30. Rd1 Bb6 31. Bf2 Rc8 32.
Rdd2 d3 33. cxd3 Rc1+ 34. Re1 Rxe1# 0-1

[Event "Late-Titled-Tuesday-Blitz-October-24-2023"]
[Site "Chess.com"]
[Date "2023.10.24"]
[Round "3"]
[White "Witik"]
[Black "JackRodgers"]
[Result "1-0"]
[WhiteElo "2793"]
[BlackElo "2510"]
[TimeControl "180+1"]
[EndTime "14:27:11 PDT"]
[Termination "Witik won by checkmate"]

1. e4 c5 2. d4 cxd4 3. c3 d3 4. c4 Nc6 5. Bxd3 g6 6. Nc3 Bg7 7. Nge2 d6 8. b3 Nf6 9. Bb2 O-O 10. O-O Nd7 11. Qd2 a6 12. Rad1 Re8 13. Nd5 Nb6 14.
Ng3 Nxd5 15. cxd5 Ne5 16. Bb1 Nd7 17. f4 Qb6+ 18. Kh1 Bxb2 19. Qxb2 Nf6 20. h3 Rf8 21. e5 Ne8 22. Rde1 Bd7 23. f5 Bb5 24. Rf3 Rc8 25. e6 fxe6 26. fxg6 hxg6 27. Rxf8+ Kxf8 28. Qh8+ Kf7 29.
dxe6# 1-0

[Event "Late-Titled-Tuesday-Blitz-October-24-2023"]
[Site "Chess.com"]
[Date "2023.10.24"]
[Round "3"]
[White "R2D2PTY"]
[Black "DvaHrasta"]
[Result "0-1"]
[WhiteElo "2284"]
[BlackElo "2487"]
[TimeControl "180+1"]
[EndTime "14:27:12 PDT"]
[Termination "DvaHrasta won by resignation"]

1. e4 c6 2. d4 d5 3. f3 e6 4. Nc3 Bb4 5. Bd2 Nf6 6. e5 Nfd7 7. f4 c5 8. Nb5 Bxd2+ 9. Qxd2 O-O 10. Nf3 cxd4 11. Nfxd4 Nc6 12. c3 Nc5 13. Bd3 f6 14. Nxc6 bxc6 15. Nd6 fxe5 16. fxe5 Qh4+ 17. g3 Qh5 18. Qe2 Qxe5 19. Bxh7+ Kxh7 20. Qxe5 Nd3+ 21. Kd2 Nxe5 22. Rae1 0-1

[Event "Late-Titled-Tuesday-Blitz-October-24-2023"]
[Site "Chess.com"]
[Date "2023.10.24"]
[Round "3"]
[White "ellatambien"]
[Black "topin8"]
[Result "1-0"]
[WhiteElo "2641"]
[BlackElo "2450"]
[TimeControl "180+1"]
[EndTime "14:27:15 PDT"]
[Termination "ellatambien won on time"]

1. e4 e5 2. Nf3 Nc6 3. Nc3 Nf6 4. d4 exd4 5. Nxd4 Bb4 6. Nxc6 bxc6 7. Bd3 O-O 8. O-O d5 9. exd5 cxd5 10. Bg5 c6 11.
Na4 Bd6 12. Re1 h6 13. Bh4 Rb8 14. c3 Be6 15. Bc2 g5 16. Bg3 Qd7 17. Qd4 Nh5 18.
Bxd6 Qxd6 19. b4 Ra8 20. Nc5 Rfe8 21. Re3 Qf4 22. Qd3 Nf6 23. Rae1 Qd6 24. Nxe6 Rxe6 25. Rxe6 fxe6 26. Qg6+ 1-0

[Event "Late-Titled-Tuesday-Blitz-October-24-2023"]
[Site "Chess.com"]
[Date "2023.10.24"]
[Round "3"]
[White "miraitrunks"]
[Black "SergioMoralesG"]
[Result "0-1"]
[WhiteElo "2112"]
[BlackElo "2414"]
[TimeControl "180+1"]
[EndTime "14:27:16 PDT"]
[Termination "SergioMoralesG won by resignation"]

1. e4 c5 2. c3 Nf6 3. e5 Nd5 4. d4 cxd4 5. Nf3 e6 6. cxd4 Nc6 7. Nc3 Nxc3 8. bxc3 d6 9. Bd3 dxe5 10. dxe5 Qa5 11.
O-O Nxe5 12. Be4 Be7 13. Re1 Ng6 14. Qb3 O-O 15. Be3 e5 16. Rad1 Rb8 17. Bxg6 hxg6 18. Nxe5 Be6 19. c4 Qxe5 20. Bxa7 Qc7 21. Bxb8 Rxb8 22.
Rc1 b5 0-1

[Event "Late-Titled-Tuesday-Blitz-October-24-2023"]
[Site "Chess.com"]
[Date "2023.10.24"]
[Round "3"]
[White "SlippperyWhenWet"]
[Black "kalxandria"]
[Result "1-0"]
[WhiteElo "2353"]
[BlackElo "2045"]
[TimeControl "180+1"]
[EndTime "14:27:17 PDT"]
[Termination "SlippperyWhenWet won by resignation"]

1. e4 e6 2. d4 d5 3. exd5 exd5 4. Nf3 Bd6 5. Bd3 Ne7 6. O-O O-O 7. c4 dxc4 8. Bxc4 Nbc6 9. Nc3 Bg4 10. Be3 Nf5 11. h3 Bxf3 12. Qxf3 Nxe3 13. fxe3 Qe7 14. Nd5 Qd7 15.
Bd3 Kh8 16. Nf6 Qe6 17. Nxh7 Rfe8 18. Ng5 Qxe3+ 19. Qxe3 Rxe3 20. Nxf7+ Kg8 21. Bc4 Na5 22. Nxd6+ Nxc4 23. Nxc4 1-0

[Event "Late-Titled-Tuesday-Blitz-October-24-2023"]
[Site "Chess.com"]
[Date "2023.10.24"]
[Round "3"]
[White "GoltsevDmitry2000"]
[Black "MatthewG-p4p"]
[Result "0-1"]
[WhiteElo "2643"]
[BlackElo "2921"]
[TimeControl "180+1"]
[EndTime "14:27:18 PDT"]
[Termination "MatthewG-p4p won by resignation"]

1. e4 e6 2. d4 d5 3. exd5 exd5 4. Nf3 Nf6 5. Bd3 c5 6. O-O Be7 7. dxc5 Bxc5 8. Re1+ Be6 9. Be3 Bd6 10. h3 O-O 11.
Nbd2 Nc6 12. c3 Re8 13. Nb3 Ne4 14. Nbd4 Bd7 15. Qb3 Nc5 16. Qc2 Nxd3 17. Qxd3 Qf6 18. Bg5 Qg6 19. Qxg6 hxg6 20. Rxe8+ Rxe8 21. Re1 Rxe1+ 22.
Nxe1 f6 23. Be3 Ne5 24. b3 Ba3 25. Ndf3 a6 26. Nxe5 fxe5 27. Nd3 Bd6 28. f4 e4 29.
Ne5 Be8 30. Kf2 g5 31. g3 gxf4 32. gxf4 Bh5 33. Bd4 Kf8 34. c4 dxc4 35. bxc4 Bd1 36. Ke3 Bc2 37. Bc5 Bxc5+ 38. Kd2 Ba4 0-1

[Event "Late-Titled-Tuesday-Blitz-October-24-2023"]
[Site "Chess.com"]
[Date "2023.10.24"]
[Round "3"]
[White "Likvidator228"]
[Black "UK_23"]
[Result "1-0"]
[WhiteElo "2594"]
[BlackElo "2394"]
[TimeControl "180+1"]
[EndTime "14:27:19 PDT"]
[Termination "Likvidator228 won by resignation"]

1. d4 d5 2. Bf4 Nf6 3. e3 c5 4. c3 Nc6 5. Nd2 Bg4 6. Qb3 Qc8 7. Ngf3 e6 8. h3 Bh5 9. Ne5 Nxe5 10. Bxe5 Nd7 11. Bf4 c4 12. Qc2 Bg6 13. e4 Be7 14.
Be2 O-O 15. O-O b5 16. Bf3 Re8 17. Qd1 Nb6 18. Re1 a5 19. Qe2 Bf8 20. h4 h6 21.
h5 Bh7 22. g4 dxe4 23. Nxe4 Nd5 24. Bg3 f5 25. Nd6 Bxd6 26. Bxd6 Qd7 27. Be5 fxg4 28.
Bxg4 Bf5 29. Kh2 Qf7 30. Rg1 Rf8 31. Bxf5 Qxh5+ 32. Qxh5 1-0

[Event "Late-Titled-Tuesday-Blitz-October-24-2023"]
[Site "Chess.com"]
[Date "2023.10.24"]
[Round "3"]
[White "Chessbard1972"]
[Black "Cipy77"]
[Result "0-1"]
[WhiteElo "2353"]
[BlackElo "2578"]
[TimeControl "180+1"]
[EndTime "14:27:19 PDT"]
[Termination "Cipy77 won by resignation"]

1. e4 c5 2. Nc3 Nc6 3. f4 g6 4. Nf3 Bg7 5. Bc4 d6 6. d3 e6 7.
a3 Nge7 8. O-O O-O 9. Kh1 b6 10. f5 exf5 11. Ng5 Ne5 12. Ba2 h6 13. Nf3 Nxf3 14.
Qxf3 Bb7 15. Qh3 Kh7 16. Bg5 f6 17. Be3 d5 18. exd5 Nxd5 19. Bd2 Nxc3 20. Bxc3 Qd7 21. Rae1 Rfe8 22. Qh4 Rxe1 23. Rxe1 Re8 24. Rxe8 Qxe8 25. h3 Qe2 26. Qg3 f4 27. Qg4 Qf1+ 28. Kh2 h5 29.
Qe2 Qxe2 0-1

[Event "Late-Titled-Tuesday-Blitz-October-24-2023"]
[Site "Chess.com"]
[Date "2023.10.24"]
[Round "3"]
[White "lukas_111111"]
[Black "semchik73"]
[Result "1-0"]
[WhiteElo "2638"]
[BlackElo "2445"]
[TimeControl "180+1"]
[EndTime "14:27:20 PDT"]
[Termination "lukas_111111 won by resignation"]

1. b3 Nf6 2. Bb2 e6 3. c4 d5 4. e3 c5 5. Nf3 Nc6 6. cxd5 exd5 7. Bb5 a6 8. Bxc6+ bxc6 9. O-O Bg4 10. d3 Bd6 11.
Nbd2 O-O 12. Qc2 Qd7 13. Ne5 Qf5 14. f4 d4 15. e4 Qh5 16. Ndc4 Bc7 17. Rae1 Rfe8 18.
Nxc6 g5 19. Bc1 Qh6 20. N6e5 gxf4 21. Bxf4 Qh5 22. Nxg4 Nxg4 23. Bxc7 f6 24. Bg3 1-0

[Event "Late-Titled-Tuesday-Blitz-October-24-2023"]
[Site "Chess.com"]
[Date "2023.10.24"]
[Round "3"]
[White "rdarruda"]
[Black "cassoulet"]
[Result "0-1"]
[WhiteElo "2545"]
[BlackElo "2795"]
[TimeControl "180+1"]
[EndTime "14:27:22 PDT"]
[Termination "cassoulet won by resignation"]

1. d4 Nf6 2. Nf3 g6 3. g3 Bg7 4.
Bg2 O-O 5. O-O d5 6. c4 dxc4 7.
Ne5 Nfd7 8. Nxc4 Nb6 9. Nxb6 axb6 10. e3 Nc6 11. Nc3 e5 12. d5 Na5 13. b3 e4 14.
Bb2 f5 15. Qd2 Bd7 16. Rad1 b5 17. d6 c6 18. Nb1 Bxb2 19. Qxb2 Qf6 20. Qc1 Rfd8 21.
Rd2 b6 22. Rfd1 Nb7 23. f3 Nc5 24. fxe4 fxe4 25. Nc3 Qe5 26. Rd4 Bg4 27. R1d2 Bf3 28. Qc2 Qg5 29. Bxf3 Qxe3+ 30. Kg2 exf3+ 31. Kh3 Ne6 32. Re4 Ng5+ 33. Kg4 0-1

[Event "Late-Titled-Tuesday-Blitz-October-24-2023"]
[Site "Chess.com"]
[Date "2023.10.24"]
[Round "3"]
[White "leoduarte"]
[Black "ValeriyGrinev"]
[Result "1/2-1/2"]
[WhiteElo "2421"]
[BlackElo "2598"]
[TimeControl "180+1"]
[EndTime "14:27:22 PDT"]
[Termination "Game drawn by repetition"]

1. d4 d5 2. Nf3 Nf6 3. Bf4 c5 4. e3 e6 5. c3 Bd6 6. Bg3 O-O 7. Bd3 Qc7 8. Nbd2 Nbd7 9. O-O e5 10. dxe5 Nxe5 11.
Nxe5 Bxe5 12. Bxe5 Qxe5 13. Nf3 Qc7 14. c4 dxc4 15.
Bxc4 b6 16. Qe2 Bb7 17. Rfd1 Rad8 18. h3 Ne4 19. Rxd8 Rxd8 20. Rd1 Nd6 21. Bd5 Bxd5 22. Rxd5 Nb7 23. Qd3 c4 24. Rxd8+ Nxd8 25. Qd5 Ne6 26. Ne5 c3 27. bxc3 Qxc3 28. g3 Qc8 29. h4 h6 30. Nc6 Qc7 31. Ne5 a5 32. Qa8+ Qd8 33. Qb7 Qc7 34. Qa8+ Kh7 35. Qe4+ Kg8 36. Qa8+ 1/2-1/2

[Event "Late-Titled-Tuesday-Blitz-October-24-2023"]
[Site "Chess.com"]
[Date "2023.10.24"]
[Round "3"]
[White "DefiantChair"]
[Black "Grischuk"]
[Result "0-1"]
[WhiteElo "2681"]
[BlackElo "2989"]
[TimeControl "180+1"]
[EndTime "14:27:23 PDT"]
[Termination "Grischuk won by checkmate"]

1. e4 e5 2. Nf3 Nc6 3. Bb5 a6 4. Ba4 Nf6 5. O-O Be7 6. Re1 b5 7. Bb3 O-O 8. c3 d6 9. h3 Nb8 10.
d4 Nbd7 11. Nbd2 Bb7 12. Bc2 Re8 13. Nf1 Bf8 14. Ng3 g6 15. Bg5 h6 16. Bd2 Bg7 17. Qc1 Kh7 18. b3 Rc8 19. a4 exd4 20. cxd4 c5 21.
d5 c4 22. b4 c3 23. Be3 Rc4 24. Rb1 Nxe4 25. Nxe4 Rcxe4 26. Bxe4 Rxe4 27. Qc2 Bxd5 28. axb5 axb5 29. Red1 Rxe3 30. fxe3 Bxf3 31. gxf3 Qg5+ 32. Kf2 Ne5 33. Rd4 Qh5 34. Qxc3 Qxf3+ 35. Kg1 Qe2 36. Rb2 Nf3+ 37. Kh1 Qf1# 0-1

[Event "Late-Titled-Tuesday-Blitz-October-24-2023"]
[Site "Chess.com"]
[Date "2023.10.24"]
[Round "3"]
[White "Aygehovit1992"]
[Black "2346PL"]
[Result "1-0"]
[WhiteElo "2654"]
[BlackElo "2478"]
[TimeControl "180+1"]
[EndTime "14:27:28 PDT"]
[Termination "Aygehovit1992 won by resignation"]

1. e4 d6 2. d4 Nf6 3. Nc3 e5 4. Nf3 Nbd7 5. Bc4 Be7 6. O-O O-O 7. Re1 c6 8. a4 a5 9. h3 Nb6 10. Bb3 Nfd7 11. Be3 exd4 12. Nxd4 Nc5 13. Qf3 Nxb3 14.
cxb3 Be6 15. Rad1 Nd7 16. Qg3 Kh8 17. Re2 Nc5 18. Nxe6 Nxe6 19. f4 Qc8 20. Qf3 Nc5 21.
Bxc5 dxc5 22. e5 Rd8 23. Rxd8+ Qxd8 24. f5 Qd4+ 25. Kh2 Bg5 26. Re4 Qd2 27. e6 fxe6 28. fxe6 Bf6 29. Ne2 Re8 30. Nf4 Qd6 31. g3 Bg5 32.
Qh5 Qe7 33. Ng6+ 1-0

[Event "Late-Titled-Tuesday-Blitz-October-24-2023"]
[Site "Chess.com"]
[Date "2023.10.24"]
[Round "3"]
[White "Korchmar_Vasiliy"]
[Black "pooh2012"]
[Result "1-0"]
[WhiteElo "2780"]
[BlackElo "2458"]
[TimeControl "180+1"]
[EndTime "14:27:31 PDT"]
[Termination "Korchmar_Vasiliy won by resignation"]

1. e4 c6 2. d4 d5 3. exd5 cxd5 4. Bd3 Nc6 5. c3 Qc7 6. h3 g6 7.
Nf3 Bg7 8. O-O Bf5 9. Bxf5 gxf5 10. Re1 e6 11. Na3 a6 12. c4 Rd8 13. Qb3 dxc4 14.
Nxc4 Nxd4 15. Nxd4 Rxd4 16. Nb6 Qd6 17. Be3 Rb4 18.
Nc8 Qf8 19. Qd1 Be5 20. Rc1 Qg7 21. Nd6+ Bxd6 22. Qxd6 1-0